 Dungeon Crawl Stone Soup version 0.31-b1-12-gca42e3d1b8 (webtiles) character file.

Game seed: 12521245614524553743

54700 groovy9 the Thaumaturge (level 14, -26/84 HPs)
             Began as a Deep Elf Conjurer on Jan 14, 2024.
             Was a High Priest of Vehumet.
             Annihilated by a stone giant (34 damage)
             ... on level 2 of the Orcish Mines on Jan 15, 2024.
             The game lasted 02:01:48 (25526 turns).

groovy9 the Thaumaturge (Deep Elf Conjurer)        Turns: 25526, Time: 02:01:49

Health: -26/84     AC: 12    Str: 16    XL:     14   Next: 35%
Magic:  9/33       EV: 17    Int: 29    God:    Vehumet [*****.]
Gold:   297        SH:  5    Dex: 13    Spells: 8/40 levels left

rFire   + + .        c - staff of conjuration
rCold   x . .        (no shield)
rNeg    + . .        U - +2 steam dragon scales "Nanozuov" {rElec rPois Regen+}
rPois   +            i - +2 hat
rElec   +            p - scarf {repulsion}
rCorr   +            r - +0 pair of gloves
SInv    +            m - +1 pair of boots
Will    ++++.        G - amulet of the Evening {Reflect rF++ Str+4 SH+5}
Stlth   ++++++       b - ring "Cuqicheo" {Fly rC- rN+ Str+3 SInv}
HPRegen 1.14/turn    H - ring of Buvoyduz {Will+++ rCorr Str+5 Slay-2}
MPRegen 0.23/turn

%: repel missiles, reflection
@: about to teleport, flying
A: talons 1, camouflage 1
a: Renounce Religion


You were on level 2 of the Orcish Mines.
You worshipped Vehumet.
Vehumet was extremely pleased with you.
You visited 4 branches of the dungeon, and saw 20 of its levels.

You collected 1080 gold pieces.
You spent 783 gold pieces at shops.

Inventory:

Hand Weapons
 o - a +3 short sword of protection
Missiles
 R - 3 throwing nets
Armour
 i - a +2 hat (worn)
 m - a +1 pair of boots (worn)
 p - a scarf of repulsion (worn)
 r - a +0 pair of gloves (worn)
 U - the +2 steam dragon scales "Nanozuov" (worn) {rElec rPois Regen+}
   (You bought it in a shop on level 2 of the Orcish Mines)

   rElec:     It insulates you from electricity.
   rPois:     It protects you from poison Regen+: It increases your rate of
   health regeneration.
Magical Staves
 c - a staff of conjuration (weapon)
Jewellery
 b - the ring "Cuqicheo" (left hand) {Fly rC- rN+ Str+3 SInv}
   (You took it off an orc warrior on level 10 of the Dungeon)

   [ring of flight]

   Str+3:     It affects your strength (+3).
   rC-:       It makes you vulnerable to cold.
   rN+:       It protects you from negative energy.
   SInv:      It lets you see invisible.
   Fly:       It grants you flight.
 e - a ring of magical power
 k - a ring of willpower
 w - a ring of positive energy
 C - a +6 ring of dexterity
 D - the ring "Xuploh" {rPois rC+ Will+}
   (You took it off an orc wizard on level 10 of the Dungeon)

   [ring of protection from cold]

   rC+:       It protects you from cold.
   rPois:     It protects you from poison Will+: It increases your willpower.
 F - the ring "Mecvu" {Ice +Blink Str+4 Slay-6}
   (You took it off a gnoll sergeant on level 10 of the Dungeon)

   [ring of ice]

   Ice:       It enhances your ice magic.
   Str+4:     It affects your strength (+4).
   Slay-6:    It affects your accuracy & damage with ranged weapons and melee
   (-6).
   rF-:       It makes you vulnerable to fire.
   rC+:       It protects you from cold.
   +Blink:    It lets you blink.
 G - the amulet of the Evening (around neck) {Reflect rF++ Str+4 SH+5}
   (You found it on level 10 of the Dungeon)

   [amulet of reflection]

   Reflect:   It reflects blocked missile attacks.
   Str+4:     It affects your strength (+4).
   rF++:      It greatly protects you from fire.
   SH+5:      It affects your SH (+5).
 H - the ring of Buvoyduz (right hand) {Will+++ rCorr Str+5 Slay-2}
   (You acquired it on level 1 of the Lair of Beasts)

   [ring of resist corrosion]

   Str+5:     It affects your strength (+5).
   Slay-2:    It affects your accuracy & damage with ranged weapons and melee
   (-2).
   Will+++:   It greatly increases your willpower.
   rCorr:     It protects you from acid and corrosion.
 S - a ring of wizardry
Wands
 a - a wand of acid (11)
 q - a wand of charming (10)
 t - a wand of roots (17)
 E - a wand of flame (5)
 L - a wand of polymorph (4)
Scrolls
 d - 5 scrolls of enchant weapon
 h - a scroll of poison
 s - 4 scrolls of noise
 u - 3 scrolls of enchant armour
 v - a scroll of fog
 x - 3 scrolls of amnesia
 y - 6 scrolls of immolation
 J - 2 scrolls of teleportation
 M - 2 scrolls of blinking
 O - a scroll of silence
 Q - 4 scrolls of identify
Potions
 f - 5 potions of heal wounds
 g - 4 potions of cancellation
 j - 4 potions of haste
 l - 2 potions of ambrosia
 z - 3 potions of lignification
 A - a potion of mutation
 B - a potion of attraction
 I - 5 potions of invisibility
 K - a potion of enlightenment
 N - a potion of might
 P - a potion of magic
Miscellaneous
 T - a lightning rod (4/4)


   Skills:
 - Level 8.0 Fighting
 - Level 2.0 Short Blades
 - Level 2.1 Staves
 - Level 1.1 Armour
 - Level 11.7 Dodging
 - Level 12.7 Stealth
 + Level 13.8 Spellcasting
 + Level 12.2 Conjurations
 + Level 7.3 Translocations
 + Level 8.2 Fire Magic
 - Level 6.5 Ice Magic
 - Level 4.9 Alchemy


You had 8 spell levels left.
You knew the following spells:

 Your Spells              Type           Power      Damage    Failure   Level
a - Magic Dart            Conj           100%       1d8       0%          1
b - Searing Ray           Conj           100%       2d8       1%          2
c - Sting                 Conj/Alch      100%       1d9       1%          1
d - Iskenderun's Mystic   Conj/Tloc      86%        2d17      1%          4
e - Fulminant Prism       Conj/Alch      40%        3d19      1%          4
f - Hailstorm             Conj/Ice       84%        3d14      1%          3
g - Irradiate             Conj/Alch      40%        3d25      1%          5
h - Fireball              Conj/Fire      43%        3d17      1%          5
i - Orb of Destruction    Conj           47%        9d12      4%          7

Your spell library contained the following spells:

 Spells                   Type           Power      Damage    Failure   Level
 Arcjolt                  Conj/Air       35%        1d45      1%          5
 Apportation              Tloc           100%       N/A       1%          1
 Freeze                   Ice            100%       1d10      1%          1
 Mercury Vapours          Alch/Air       68%        N/A       1%          2
 Frozen Ramparts          Ice            100%       1d16      1%          3
 Inner Flame              Hex/Fire       44%        N/A       1%          3
 Mephitic Cloud           Conj/Alch/Air  68%        N/A       1%          3
 Ozocubu's Armour         Ice            55%        N/A       1%          3
 Ignite Poison            Fire/Alch      55%        N/A       1%          4
 Sticky Flame             Fire/Alch      55%        2d10      1%          4
 Freezing Cloud           Conj/Ice/Air   35%        6-21      1%          5
 Jinxbite                 Hex            40%        N/A       3%          2
 Yara's Violent Unravell  Hex/Alch       17%        3d8       7%          5
 Alistair's Intoxication  Alch           32%        N/A       9%          5
 Metabolic Englaciation   Hex/Ice        19%        N/A       19%         5
 Cause Fear               Hex            10%        N/A       26%         4
 Sculpt Simulacrum        Ice/Alch       26%        N/A       36%         6
 Ignition                 Fire           31%        3d10      78%         8
 Enfeeble                 Hex            10%        N/A       100%        7
 Dragon's Call            Summ           10%        N/A       100%        9


Dungeon Overview and Level Annotations

Branches:
Dungeon (12/15)            Temple (1/1) D:4            Lair (5/5) D:11
  Swamp (0/4) Lair:3       Spider (0/4) Lair:3        Slime (0/5) Lair:5
    Orc (2/2) D:12
    Elf: Orc:2

Altars:
Ashenzari
Cheibriados
Dithmenos
Elyvilon
Fedhas
Gozag
Hepliaklqana
Kikubaaqudgha
Makhleb
Nemelex Xobeh
Okawaru
Qazlal
Ru
Sif Muna
Trog
Uskayaw
Vehumet
Wu Jian
Xom
Yredelemnul
Zin
The Shining One
Jiyva

Shops:
D:2 (   D:3 :   D:9 *?(:   D:12 :   Orc:2 *

Annotations:
D:2 1 runed translucent door, Crazy Yiuf
D:8 2 transporters, NebNova's ghost, novice HOFi
Lair:1 exclusion: 2 oklob plants


Innate Abilities, Weirdness & Mutations

You have sharp toenails.
Your skin changes colour to match your surroundings (Stealth+).


Message History

The mystic blast hits the fungus!!
The fungus is moderately damaged.
The mystic blast hits the fungus!!
The fungus is moderately damaged.
The mystic blast hits the fungus!
The fungus is moderately damaged.
The mystic blast hits the fungus!!
The fungus is moderately damaged.
The mystic blast hits the stone giant.
The stone giant is moderately wounded.
A nearby fungus withers and dies. x2; The stone giant hits you.
Casting: Iskenderun's Mystic Blast (safe; 1% risk of failure)
Confirm with . or Enter, or press ? or * to list all spells.
You feel a surge of power!
You erupt in a blast of force!
The mystic blast hits the fungus!!
The fungus is heavily damaged.
The mystic blast hits the fungus!
The fungus is moderately damaged.
The mystic blast hits the stone giant but does no damage.
The stone giant is moderately wounded.
A nearby fungus withers and dies. x2
A warg comes into view.
You block the stone giant's attack.
Casting: Iskenderun's Mystic Blast (safe; 1% risk of failure)
Confirm with . or Enter, or press ? or * to list all spells.
You feel a surge of power!
You erupt in a blast of force!
The mystic blast hits the stone giant but does no damage.
The stone giant is moderately wounded.
An ettin comes into view. It is wielding two +0 dire flails.
The cyclops throws a large rock.
The large rock hits you!! The stone giant hits you.
As you read the scroll of teleportation, it crumbles to dust.
You feel strangely unstable.
A cyclops comes into view.
The stone giant hits you!!
* * * LOW HITPOINT WARNING * * *
The ettin shouts in stereo!
The stone giant attacks as it pursues you!
The stone giant hits you!!
You die...

................###...#
..............#..#...#
.........#..........###.
..............#......#.#
.............#..P.P.....
............P..P....#..
..............##.
................#
........@.....)..
.........C.....(.
.........(....C..
.#...............
..........(h.##.
#....P.P.......
.........CP.....
$...............
........$...C..


You could see a stone giant, an ettin, a cyclops and a warg.

Vanquished Creatures
  Gastronok (Lair:3)
  An eleionoma (Lair:2)
  An ettin (Orc:2)
  4 hydras (Lair:5)
  A merfolk avatar (Lair:5)
  4 boulder beetles
  Erica (Lair:2)
  A catoblepas (D:10)
  3 two-headed ogres
  A centaur warrior (D:10)
  4 skysharks
  2 orc knights (Orc:1)
  A lindwurm (Lair:3)
  3 harpies (Lair:5)
  A deep elf pyromancer (D:10)
  3 manticores (Lair:5)
  5 cyclopes
  6 black mambas
  9 elephants
  A torpor snail (Lair:5)
  12 cane toads
  13 komodo dragons
  An unseen horror (D:12)
  3 rime drakes
  2 trolls
  A polar bear (Lair:2)
  Prince Ribbit (D:9)
  6 dream sheep (Lair:5)
  10 blink frogs
  A snapping turtle (Lair:5)
  2 slime creatures (D:10)
  A shadow (D:12)
  7 wyverns
  2 wargs
  4 fire bats (Lair:5)
  49 yaks
  A wraith (D:12)
  A steam dragon (D:10)
  3 vampire mosquitoes (D:12)
  4 basilisks
  3 redbacks (Lair:3)
  An acid dragon (D:11)
  10 water moccasins
  4 black bears
  A black bear (shapeshifter) (D:10)
  2 sky beasts (D:8)
  12 orc warriors
  2 centaurs (D:10)
  3 ogres
  14 wolves
  A phantom (D:5)
  3 kobold brigands
  9 bullfrogs
  2 gnoll sergeants
  2 scorpions (D:5)
  13 killer bees (D:8)
  2 electric eels
  5 howler monkeys
  A lava snake (Lair:5)
  9 orc priests
  A bombardier beetle (D:3)
  2 hounds
  4 jellies
  Ijyb (D:4)
  14 orc wizards
  4 iguanas
  4 gnolls (D:7)
  15 adders
  A shadow imp (D:7)
  A white imp (D:5)
  2 ufetubi (D:7)
  3 ribbon worms
  3 dart slugs
  36 orcs
  5 bats
  7 endoplasms
  4 giant cockroaches
  9 hobgoblins
  8 jackals
  12 kobolds
  A quokka (D:2)
  2 ball pythons (D:2)
  5 frilled lizards
  2 goblins (D:2)
  4 rats
426 creatures vanquished.

Vanquished Creatures (others)
  27 fulminant prisms
27 creatures vanquished.

Grand Total: 453 creatures vanquished

Notes
Turn   | Place    | Note
-------+----------+-------------------------------------------
     0 | D:1      | groovy9 the Deep Elf Conjurer began the quest for the Orb.
     0 | D:1      | Reached XP level 1. HP: 10/10 MP: 6/6
   375 | D:1      | Reached XP level 2. HP: 15/15 MP: 5/8
   457 | D:1      | Learned a level 2 spell: Searing Ray
   562 | D:1      | You fall into a shaft and drop 1 floor!
   874 | D:2      | Found Hatu's Antique Weapon Shop.
   893 | D:2      | Reached XP level 3. HP: 19/19 MP: 6/9
  1375 | D:2      | Reached skill level 1 in Short Blades
  2004 | D:2      | Found a runed translucent door.
  2005 | D:2      | Noticed Crazy Yiuf
  2594 | D:3      | Reached XP level 4. HP: 24/24 MP: 3/11
  2804 | D:3      | Found a shadowy altar of Dithmenos.
  2964 | D:3      | Reached skill level 4 in Spellcasting
  3258 | D:3      | Reached skill level 5 in Conjurations
  3258 | D:3      | Reached XP level 5. HP: 28/28 MP: 8/13
  3526 | D:3      | Found Fiqurphu's Book Boutique.
  3929 | D:3      | Identified a scroll of acquirement
  3929 | D:3      | Acquired a staff of conjuration
  4169 | D:4      | Found a staircase to the Ecumenical Temple.
  4177 | Temple   | Entered the Ecumenical Temple
  4285 | Temple   | Became a worshipper of Vehumet
  4315 | D:4      | Reached XP level 6. HP: 14/32 MP: 4/14
  4324 | D:4      | Reached skill level 1 in Staves
  4571 | D:4      | Noticed Ijyb
  4601 | D:4      | Killed Ijyb
  5085 | D:5      | Entered Level 5 of the Dungeon
  5126 | D:5      | Reached skill level 5 in Spellcasting
  5151 | D:5      | Found a basalt altar of Yredelemnul.
  5153 | D:5      | Noticed a profane servitor
  5196 | D:5      | Reached XP level 7. HP: 23/36 MP: 7/16
  5331 | D:5      | Reached skill level 5 in Stealth
  5622 | D:5      | Identified the +1 ring mail of Vyukuz {+Blink Str-2 Int+8
                  | Dex-4}
  5756 | D:5      | Reached skill level 5 in Dodging
  5998 | D:5      | Reached skill level 1 in Armour
  5998 | D:5      | Reached skill level 6 in Spellcasting
  6097 | D:5      | Found a glowing silver altar of Zin.
  6112 | D:5      | Gained mutation: You have sharp toenails. [potion of
                  | mutation]
  6112 | D:5      | Gained mutation: Your skin changes colour to match your
                  | surroundings (Stealth+). [potion of mutation]
  6388 | D:5      | Found a glowing golden altar of the Shining One.
  6466 | D:5      | Noticed an angel
  6731 | D:6      | Reached XP level 8. HP: 41/41 MP: 16/19
  6764 | D:6      | Reached * piety under Vehumet
  6764 | D:6      | Offered knowledge of Shock by Vehumet.
  7428 | D:7      | Reached skill level 7 in Spellcasting
  7781 | D:7      | Found a sparkling altar of Nemelex Xobeh.
  8179 | D:8      | Offered knowledge of Sting by Vehumet.
  8180 | D:8      | Reached XP level 9. HP: 41/45 MP: 13/22
  8252 | D:8      | Learned a level 1 spell: Sting
  8304 | D:8      | Reached ** piety under Vehumet
  8311 | D:8      | Reached skill level 8 in Spellcasting
  8419 | D:8      | Found a transporter.
  8419 | D:8      | Noticed NebNova's ghost (novice HOFi)
  8431 | D:8      | Noticed a moth of wrath
  8510 | D:8      | Found a transporter.
  9116 | D:8      | Learned a level 4 spell: Iskenderun's Mystic Blast
  9223 | D:9      | Noticed Prince Ribbit
  9236 | D:9      | Killed Prince Ribbit
  9268 | D:9      | Found Impunac's Book Shop.
  9393 | D:9      | Found Ykluf's Weapon Boutique.
  9423 | D:9      | Noticed a troll
  9429 | D:9      | Killed a troll
  9430 | D:9      | Reached skill level 9 in Spellcasting
  9765 | D:9      | Found Wuabuq's Assorted Antiques.
  9765 | D:9      | Noticed a two-headed ogre
  9776 | D:9      | Killed a two-headed ogre
  9777 | D:9      | Reached XP level 10. HP: 50/50 MP: 8/25
  9914 | D:9      | Found Mirruent's Magic Scroll Shoppe.
  9974 | D:9      | Found a burning altar of Makhleb.
 10428 | D:10     | Entered Level 10 of the Dungeon
 10489 | D:10     | Learned a level 4 spell: Fulminant Prism
 10532 | D:10     | Reached skill level 10 in Spellcasting
 10751 | D:10     | Reached skill level 10 in Stealth
 10946 | D:10     | Noticed a two-headed ogre
 10958 | D:10     | Killed a two-headed ogre
 11169 | D:10     | Found a sacrificial altar of Ru.
 11212 | D:10     | Found a runed translucent door.
 11215 | D:10     | Found a runed translucent door.
 11215 | D:10     | Noticed a deep elf pyromancer
 11215 | D:10     | Noticed a centaur warrior
 11220 | D:10     | Killed a centaur warrior
 11221 | D:10     | Reached skill level 1 in Translocations
 11221 | D:10     | Killed a deep elf pyromancer
 11222 | D:10     | Reached skill level 10 in Dodging
 11222 | D:10     | Reached skill level 11 in Spellcasting
 11222 | D:10     | Reached skill level 10 in Conjurations
 11358 | D:10     | Noticed a cyclops
 11367 | D:10     | Killed a cyclops
 11367 | D:10     | Offered knowledge of Hailstorm by Vehumet.
 11372 | D:10     | Learned a level 3 spell: Hailstorm
 11421 | D:10     | Noticed a catoblepas
 11430 | D:10     | Killed a catoblepas
 11431 | D:10     | Reached XP level 11. HP: 54/54 MP: 6/28
 11437 | D:10     | Noticed a boulder beetle
 12010 | D:10     | Reached skill level 1 in Ice Magic
 12292 | D:10     | Noticed a boulder beetle
 12337 | D:10     | Killed a boulder beetle
 12492 | D:10     | Identified the ring "Cuqicheo" {Fly rC- rN+ Str+3 SInv}
 12585 | D:10     | Identified the ring "Xuploh" {rPois rC+ Will+}
 12643 | D:10     | Identified the ring "Mecvu" {Ice +Blink Str+4 Slay-6}
 12788 | D:10     | Identified the amulet of the Evening {Reflect rF++ Str+4
                  | SH+5}
 12954 | D:11     | Noticed a boulder beetle
 13231 | D:11     | Killed a boulder beetle
 13588 | D:10     | Killed a boulder beetle
 13717 | D:11     | Reached *** piety under Vehumet
 14028 | D:11     | Found a staircase to the Lair.
 14579 | Lair:1   | Entered Level 1 of the Lair of Beasts
 14668 | Lair:1   | Reached skill level 12 in Spellcasting
 14944 | Lair:1   | Reached skill level 1 in Alchemy
 14944 | Lair:1   | Offered knowledge of Volatile Blastmotes by Vehumet.
 15121 | Lair:1   | Reached XP level 12. HP: 38/59 MP: 18/30
 15173 | Lair:1   | Reached skill level 5 in Translocations
 15287 | Lair:1   | Acquired the ring of Buvoyduz {Will+++ rCorr Str+5 Slay-2}
 16229 | Lair:2   | Noticed Erica
 16236 | Lair:2   | Learned a level 5 spell: Irradiate
 16242 | Lair:2   | Killed Erica
 16610 | Lair:2   | Reached skill level 5 in Ice Magic
 16987 | Lair:2   | Reached **** piety under Vehumet
 17462 | Lair:3   | Noticed an eleionoma
 17462 | Lair:3   | Found a staircase to the Swamp.
 17470 | Lair:3   | Noticed Gastronok
 17479 | Lair:2   | Killed an eleionoma
 17480 | Lair:2   | Reached skill level 1 in Fighting
 17763 | Lair:3   | Offered knowledge of Brom's Barrelling Boulder by Vehumet.
 17764 | Lair:3   | Reached skill level 13 in Spellcasting
 18002 | Lair:3   | Killed Gastronok
 18265 | Lair:3   | Found a hole to the Spider Nest.
 18640 | Lair:3   | Reached XP level 13. HP: 68/68 MP: 13/32
 20826 | Lair:4   | Reached skill level 5 in Fighting
 21275 | Lair:5   | Entered Level 5 of the Lair of Beasts
 21664 | Lair:5   | Learned a level 5 spell: Fireball
 21675 | Lair:5   | Reached ***** piety under Vehumet
 21767 | Lair:5   | Offered knowledge of Orb of Destruction by Vehumet.
 21776 | Lair:5   | Learned a level 7 spell: Orb of Destruction
 22261 | Lair:5   | Reached skill level 1 in Fire Magic
 22750 | Lair:5   | Reached XP level 14. HP: 84/84 MP: 13/33
 22877 | Lair:5   | Reached skill level 5 in Fire Magic
 22881 | Lair:5   | Identified the +5 mace of Plunder {vamp, rPois Str+3
                  | Stlth+}
 23347 | Lair:5   | Found a viscous altar of Jiyva.
 23348 | Lair:5   | Found a staircase to the Slime Pits.
 23773 | D:12     | Found a staircase to the Orcish Mines.
 24326 | D:12     | Found Edaqigh's Book Shoppe.
 24704 | Orc:1    | Entered Level 1 of the Orcish Mines
 25294 | Orc:2    | Entered Level 2 of the Orcish Mines
 25417 | Orc:2    | Found Sownorghu's General Store.
 25434 | Orc:2    | Bought the +2 steam dragon scales "Nanozuov" {rElec rPois
                  | Regen+} for 750 gold pieces
 25445 | Orc:2    | Bought a scroll of teleportation for 33 gold pieces
 25493 | Orc:2    | Offered knowledge of Arcjolt by Vehumet.
 25512 | Orc:2    | Noticed a stone giant
 25526 | Orc:2    | Annihilated by a stone giant

Illustrated notes

Levels and vault maps discovered:
D:1:      heliophobic_arrival_ceremonial_halls, layout_loops_ring,
          minmay_pentomino_v4
D:2:      layout_loops_corners, serial_shops, shop, chequers_garden,
          grunt_decor_clamped, uniq_crazy_yiuf_cottage
D:3:      layout_basic, mainiacjoe_overflow_tiny_flanked, serial_shops,
          nicolae_shop_hallway_plus, grunt_ministairs_14
D:4:      layout_basic, minmay_temple_entry_wispy, uniq_ijyb
D:5:      minmay_skewed_foursquare, layout_basic,
          grunt_temple_overflow_holy_war, zin_scriptorium
D:6:      nicolae_cairo_tiling, layout_rooms
D:7:      layout_basic, nemelex_altar_shiori, minmay_misc_feat_enclosed,
          serial_bayou_crossing
D:8:      layout_loops_ring, gammafunk_ghost_berserking_beasts, minmay_orc_keep
D:9:      layout_roguey, lightli_temple_of_fire, serial_shops,
          nicolae_shop_rolled_up, shop, nicolae_square_shop,
          nicolae_stop_n_shop_1, uniq_prince_ribbit1
D:10:     minmay_the_grid_triangle_9x9_rhombus_full
          [minmay_the_grid_triangle_9x9_tough_junction,
          minmay_the_grid_triangle_9x9_swiss_cheese,
          minmay_the_grid_triangle_9x9_checkered,
          minmay_the_grid_triangle_9x9_descending_squares,
          minmay_the_grid_triangle_9x9_corruption,
          minmay_the_grid_triangle_9x9_empty,
          minmay_the_grid_triangle_9x9_alien,
          minmay_the_grid_triangle_9x9_prize_special], layout_grid_maze,
          nicolae_ru_path_of_blood, hangedman_decor_points
D:11:     layout_basic, david_lair_generic
D:12:     layout_long_grid, minmay_orc_entry_temple_small, serial_shops,
          nicolae_lakefront_shop
Temple:   nicolae_temple_superstar
Lair:1:   minmay_lair_oklob_tunnel, layout_regular_city, grunt_megastairs_3
Lair:2:   layout_gridlike, wad_woods_river_04, serial_bayou_shore_a,
          grunt_megastairs_2, uniq_erica
Lair:3:   minmay_lair_venomous_thicket, layout_regular_city,
          alex1729_swamp_entry_worm_eleionoma, spider_nest_entry_a,
          uniq_gastronok
Lair:4:   layout_regular_city, grunt_megastairs_5
Lair:5:   gammafunk_lair_ancient_temple, layout_gridlike, slime_entry_1
Orc:1:    layout_diamond_mine
Orc:2:    grunt_orc_gardens, layout_caves, grunt_orc_garden, grunt_orc_garden,
          grunt_orc_garden, grunt_orc_garden,
          portal_ice_cave_entry_animals_and_master, gauntlet_entry_generic

Skill      XL: |  1  2  3  4  5  6  7  8  9 10 11 12 13 14 |
---------------+-------------------------------------------+-----
Stealth        | 3 4 6 7 9 11 12 | 12.7
Dodging        | 3 4 5 7 8 10 11 | 11.7
Short Blades   | 1 2 |  2.0
Spellcasting   | 4 5 6 7 9 11 12 13 | 13.8
Conjurations   | 5 6 7 8 10 11 12 | 12.2
Staves         | 1 2 |  2.1
Armour         | 1 |  1.1
Translocations | 2 4 6 7 |  7.3
Ice Magic      | 4 6 |  6.5
Alchemy        | 1 4 |  4.9
Fighting       | 2 8 |  8.0
Fire Magic     | 4 8 |  8.2

Action                     |  1- 3 |  4- 6 |  7- 9 | 10-12 | 13-15 || total
---------------------------+-------+-------+-------+-------+-------++-------
  Melee: Dagger            |     4 |       |       |       |       ||     4
         Staff             |       |       |       |     2 |       ||     2
   Cast: Magic Dart        |    18 |       |       |    18 |    59 ||    95
         Searing Ray       |    32 |    36 |    73 |   107 |    47 ||   295
         Iskenderun's Myst |       |       |     7 |   163 |   127 ||   297
         Sting             |       |       |     5 |       |       ||     5
         Fulminant Prism   |       |       |       |    24 |     3 ||    27
         Hailstorm         |       |       |       |     2 |     5 ||     7
         Orb of Destructio |       |       |       |       |    49 ||    49
         Fireball          |       |       |       |       |    16 ||    16
  Evoke: Wand              |       |       |     1 |       |       ||     1
    Use: Scroll            |       |     5 |    10 |    12 |     2 ||    29
         Potion            |       |       |    10 |     9 |     4 ||    23
 Armour: Robe              |     6 |    20 |    37 |     8 |       ||    71
         Ring mail         |       |       |     4 |       |       ||     4
         Steam dragon scal |       |       |       |    74 |    27 ||   101
  Dodge: Dodged            |     6 |    21 |    64 |   122 |    33 ||   246
         Repelled          |       |       |       |     4 |       ||     4
  Block: Other             |       |       |       |     4 |    13 ||    17
         Reflection        |       |       |       |       |     2 ||     2
